 Dungeon Crawl Stone Soup version 0.28.0-53-g5a82cb258f (webtiles) character file.

Game seed: 9975037527827702136

46413 Peloso the Fencer (level 14, -13/129 HPs)
             Began as a Minotaur Fighter on July 24, 2022.
             Was the Champion of Okawaru.
             Mangled by a caustic shrike simulacrum (26 damage)
             ... summoned by an orange crystal statue
             ... in an ice cave.
             The game lasted 00:37:16 (18123 turns).

Peloso the Fencer (Minotaur Fighter)               Turns: 18123, Time: 00:37:17

Health: -13/129    AC: 27    Str: 28      XL:     14   Next: 4%
Magic:  10/15      EV:  9    Int:  0 (5)  God:    Okawaru [******]
Gold:   3819       SH:  9    Dex: 17      Spells: 13/13 levels left

rFire   + . .      SeeInvis .   a - +3 scimitar (vorpal)
rCold   + . .      Faith    .   I - +1 buckler {rC+}
rNeg    . . .      Spirit   .   f - +1 plate armour
rPois   .          Reflect  .   w - +2 hood of the Assassin {Detection Stab+ Stlth++}
rElec   .          Harm     .   o - +2 cloak
rCorr   .          Rampage  .   Q - +1 pair of gloves {Dex+3}
Will    +....                   v - +0 pair of boots
Stlth   ..........              t - amulet of regeneration
HPRegen 1.11/turn               n - +6 ring of strength
MPRegen 0.14/turn               y - ring of protection from fire

@: slowed, lost intelligence, unable to read, very slow
A: horns 2, retaliatory headbutt
a: Renounce Religion, Heroism, Finesse, Duel


You were in an ice cave.
You worshipped Okawaru.
Okawaru was exalted by your worship.
You visited 3 branches of the dungeon, and saw 19 of its levels.
You also visited: Bailey and Ice Cave.

You collected 3897 gold pieces.
You spent 78 gold pieces at shops.

Inventory:

Hand Weapons
 a - a +3 vorpal scimitar (weapon)
 b - a +2 spear of flaming
Missiles
 H - 5 throwing nets (quivered)
Armour
 c - a +0 kite shield
 f - a +1 plate armour (worn)
 o - a +2 cloak (worn)
 q - a +0 hat of intelligence
 v - a +0 pair of boots (worn)
 w - the +2 hood of the Assassin (worn) {Detection Stab+ Stlth++}
   (You acquired it on level 2 of the Orcish Mines)

   It allows the wearer to sense nearby creatures.
   It allows the wearer to make particularly effective stabbing attacks against
   helpless or unaware enemies with any weapon.
   Stlth:     It makes you much more stealthy.
 I - a +1 buckler of cold resistance (worn)
 L - the +0 cloak of Peloso's Gallantry {Drain rF+ rN+}
   (Okawaru gifted it to you on level 11 of the Dungeon)

   rF:        It protects you from fire.
   rN:        It protects you from negative energy.
   Drain:     It drains your maximum health when unequipped.
 Q - a +1 pair of gloves of dexterity (worn)
Jewellery
 k - an amulet of the acrobat
 n - a +6 ring of strength (left hand)
 t - an amulet of regeneration (around neck)
 u - the amulet of Hospitality {Faith rElec Str+2}
   (You acquired it on level 2 of the Orcish Mines)

   [amulet of faith]

   It allows you to gain divine favour quickly.
   Str:       It affects your strength (+2).
   rElec:     It insulates you from electricity.
 y - a ring of protection from fire (right hand)
 N - a ring of poison resistance
 P - a ring of magical power
 S - an amulet of magic regeneration
 Y - a +4 ring of evasion
 Z - a ring of see invisible
Wands
 l - a wand of mindburst (20)
 m - a wand of paralysis (20)
 A - a wand of acid (25)
 M - a wand of flame (17)
 U - a wand of iceblast (4)
Scrolls
 e - 15 scrolls of identify
 g - 9 scrolls of teleportation
 j - 5 scrolls of enchant armour
 r - 4 scrolls of noise
 x - a scroll of blinking
 D - 2 scrolls of enchant weapon
 F - a scroll of silence
 G - a scroll of amnesia {unknown}
 J - 3 scrolls of vulnerability {unknown}
 T - a scroll of holy word {unknown}
 V - a scroll of fear
 W - a scroll of acquirement
Potions
 d - 2 potions of might
 h - 6 potions of curing
 i - a potion of mutation {unknown}
 p - 3 potions of heal wounds
 s - 2 potions of magic {unknown}
 z - a potion of berserk rage {unknown}
 B - 3 potions of brilliance {unknown}
 C - a potion of attraction {unknown}
 E - 2 potions of flight {unknown}
 K - a potion of resistance
 O - 2 potions of ambrosia {unknown}
 R - a potion of lignification {unknown}
Miscellaneous
 X - a phial of floods


   Skills:
 + Level 13.3 Fighting
 + Level 16.2 Long Blades
 + Level 2.2 Polearms
 + Level 15.0 Armour
 + Level 3.0 Dodging
 + Level 1.1 Stealth
 + Level 14.4 Shields
 + Level 2.9 Invocations
 + Level 1.1 Evocations


You had 13 spell levels left.
You didn't know any spells.
Your spell library contained the following spells:

 Spells                   Type           Power      Damage    Failure   Level
 Slow                     Hex            0%         N/A       99%         1
 Ensorcelled Hibernation  Hex/Ice        0%         N/A       100%        2
 Passwall                 Tmut/Erth      0%         N/A       100%        2
 Confusing Touch          Hex            0%         N/A       100%        3
 Gell's Gravitas          Tloc           0%         N/A       100%        3
 Lesser Beckoning         Tloc           0%         N/A       100%        3
 Portal Projectile        Hex/Tloc       0%         N/A       100%        3
 Swiftness                Air            0%         N/A       100%        3
 Teleport Other           Tloc           0%         N/A       100%        3
 Vampiric Draining        Necr           0%         2d6       100%        3
 Leda's Liquefaction      Hex/Erth       0%         N/A       100%        4
 Blade Hands              Tmut           0%         N/A       100%        5
 Excruciating Wounds      Necr           0%         N/A       100%        5
 Fireball                 Conj/Fire      0%         3d3       100%        5
 Iskenderun's Battlesphe  Conj           0%         2d6       100%        5
 Lee's Rapid Deconstruct  Erth           0%         3d5*      100%        5
 Conjure Ball Lightning   Conj/Air       0%         3x3d6     100%        6
 Dispersal                Tloc           0%         N/A       100%        6
 Statue Form              Tmut/Erth      0%         N/A       100%        6
 Orb of Destruction       Conj           0%         9d5       100%        7
 Borgnjor's Revivificati  Necr           0%         N/A       100%        8
 Disjunction              Tloc           0%         N/A       100%        8
 Necromutation            Tmut/Necr      0%         N/A       100%        8
 Death's Door             Necr           0%         N/A       100%        9


Dungeon Overview and Level Annotations

Branches:
Dungeon (14/15)            Temple (0/1) D:5            Lair (3/6) D:8
 Spider (0/4) Lair:3          Orc (2/2) D:10            Elf (0/3) Orc:2
 Bailey (visited)           IceCv (1/1)
  Swamp: Lair:2-4    Shoals: Lair:2-4    Vaults: D:13-14

Altars:
Ashenzari
Cheibriados
Dithmenos
Elyvilon
Fedhas
Kikubaaqudgha
Makhleb
Nemelex Xobeh
Okawaru
Vehumet
Wu Jian
Beogh

Shops:
D:10 !   Orc:2 !=![

Annotations:
D:6 1 runed translucent door, Atelerd's ghost, novice OpEE
D:13 2 transporters, ciphuk's ghost, journeyman TrMo IceCv exclusion: 2 orange crystal statues


Innate Abilities, Weirdness & Mutations

You have a pair of horns on your head.
You reflexively headbutt those who attack you in melee.


Message History

The caustic shrike simulacrum is lightly damaged.
You feel like a meek peon again.
The caustic shrike simulacrum claws you!
The caustic shrike simulacrum freezes you!
You resist.
You block the caustic shrike simulacrum's attack.
You closely miss the caustic shrike simulacrum.
The caustic shrike simulacrum is lightly damaged.
You block the caustic shrike simulacrum's attack.
The caustic shrike simulacrum claws you but does no damage.
Unknown command.
You hit the caustic shrike simulacrum but do no damage.
The caustic shrike simulacrum is lightly damaged.
You block the caustic shrike simulacrum's attack.
The caustic shrike simulacrum barely misses you.
Unknown command.
You slash the caustic shrike simulacrum!
You headbutt the caustic shrike simulacrum!
The caustic shrike simulacrum is heavily damaged.
The caustic shrike simulacrum claws you but does no damage.
Unknown command.
You hit the caustic shrike simulacrum.
The caustic shrike simulacrum is heavily damaged.
The caustic shrike simulacrum misses you.
The caustic shrike simulacrum claws you!
The caustic shrike simulacrum freezes you!!
You resist.
Unknown command.
You miss the caustic shrike simulacrum.
Your headbutt misses the caustic shrike simulacrum.
The caustic shrike simulacrum is heavily damaged.
The caustic shrike simulacrum claws you!
The caustic shrike simulacrum freezes you!!
You resist.
* * * LOW HITPOINT WARNING * * *
The caustic shrike simulacrum claws you!
* * * LOW HITPOINT WARNING * * *
The caustic shrike simulacrum freezes you!!
You resist.
You die...

##...##
##.....##
#.......#
#.......#
#.......#
#.......#
#..ZZZ.8#
####Z####
#|...@(.#
#(.....=#
#[......#
#.......#
#.......#
##.....##
##...##
##.##
##...##


You could see an anaconda simulacrum (summoned), a dire elephant simulacrum
(summoned) and a caustic shrike simulacrum (summoned).

Vanquished Creatures
  Rupert (D:13)
  A very ugly thing (IceCv)
  Harold (D:11)
  A caustic shrike simulacrum (IceCv)
  3 ogre magi
  A boulder beetle (D:12)
  3 hydras
  3 centaur warriors (D:13)
  3 two-headed ogres
  A tengu warrior (D:13)
  Nergalle (D:11)
  Sonja (D:11)
  A deep elf pyromancer (D:13)
  2 orc knights (Orc:1)
  An oklob plant (Lair:1)
  3 ugly things (D:13)
  8 orc sorcerers
  3 manticores
  2 cyclopes
  A black mamba (Lair:3)
  3 centaur zombies
  A gargoyle (D:13)
  An unseen horror (D:13)
  2 freezing wraiths (IceCv)
  5 cane toads
  A rime drake (Lair:3)
  A kobold demonologist (Bailey)
  7 komodo dragons
  An anaconda simulacrum (IceCv)
  A meliai (Lair:3)
  9 trolls
  2 hornets
  3 slime creatures (D:12)
  7 blink frogs
  A culicivora (shapeshifter) (D:14)
  A shadow (D:11)
  11 yaks
  2 water elementals (D:13)
  2 wyverns
  3 dire elephant simulacra (IceCv)
  3 wraiths
  2 steam dragons (D:10)
  A vampire mosquito (D:10)
  A warg (Orc:2)
  A harpy simulacrum (IceCv)
  2 acid dragons
  5 water moccasins
  A hydra simulacrum (IceCv)
  17 orc warriors
  2 alligator simulacra (IceCv)
  3 ettin simulacra (IceCv)
  A sky beast (D:7)
  A hornet zombie (D:7)
  32 wolves
  3 ogres (Orc:2)
  12 centaurs
  A kobold brigand (D:5)
  9 bullfrogs
  2 gnoll sergeants
  2 lindwurm simulacra (IceCv)
  16 killer bees
  17 wights
  5 electric eels
  3 howler monkeys
  3 jellies
  3 bullfrog zombies
  3 hounds
  9 orc priests
  2 iguanas (D:6)
  A centaur skeleton (D:5)
  3 gnoll shamans
  25 orc wizards
  2 howler monkey zombies
  24 gnolls
  4 adders
  3 shadow imps
  3 white imps
  An ufetubus (D:7)
  3 worms
  3 dart slugs
  46 orcs
  7 ball pythons
  10 endoplasms
  4 giant cockroaches
  14 goblins
  8 hobgoblins
  4 jackals (D:3)
  2 quokkas (D:1)
  6 bats
  14 frilled lizards
  11 kobolds
  A quokka skeleton (D:4)
  6 rats
472 creatures vanquished.

Vanquished Creatures (others)
  An orc wizard (Orc:2)
  3 fungi
  15 plants
  2 withered plants (D:6)
21 creatures vanquished.

Grand Total: 493 creatures vanquished

Notes
Turn   | Place    | Note
-------+----------+-------------------------------------------
     0 | D:1      | Peloso the Minotaur Fighter began the quest for the Orb.
     0 | D:1      | Reached XP level 1. HP: 19/19 MP: 0/0
   147 | D:1      | Reached XP level 2. HP: 19/27 MP: 1/1
   725 | D:1      | Reached XP level 3. HP: 33/33 MP: 2/2
  1282 | D:2      | Reached skill level 3 in Long Blades
  1408 | D:2      | Reached skill level 1 in Dodging
  1907 | D:3      | Reached XP level 4. HP: 40/40 MP: 3/3
  2137 | D:3      | Found an iron altar of Okawaru.
  2157 | D:3      | Became a worshipper of Warmaster Okawaru
  2318 | D:3      | Reached skill level 4 in Long Blades
  2722 | D:4      | Found a blossoming altar of Fedhas.
  2839 | D:4      | Reached XP level 5. HP: 29/47 MP: 4/4
  2841 | D:4      | Reached skill level 5 in Armour
  3302 | D:4      | Reached XP level 6. HP: 41/53 MP: 5/5
  3307 | D:4      | Reached skill level 5 in Long Blades
  3726 | D:4      | Reached * piety under Okawaru
  3997 | D:5      | Entered Level 5 of the Dungeon
  4020 | D:5      | Reached skill level 5 in Fighting
  4091 | D:5      | Noticed an orc warrior
  4127 | D:5      | Killed an orc warrior
  4128 | D:5      | Reached skill level 6 in Long Blades
  4128 | D:5      | Reached XP level 7. HP: 48/61 MP: 6/6
  4396 | D:5      | Found a staircase to the Ecumenical Temple.
  4398 | D:5      | Reached ** piety under Okawaru
  4612 | D:5      | Reached skill level 7 in Long Blades
  5173 | D:6      | Reached skill level 5 in Shields
  5226 | D:6      | Reached XP level 8. HP: 70/70 MP: 7/7
  5288 | D:6      | Reached skill level 8 in Long Blades
  5590 | D:6      | Found a runed translucent door.
  5590 | D:6      | Noticed Atelerd's ghost (novice OpEE)
  5684 | D:6      | Found a sparkling altar of Nemelex Xobeh.
  5775 | D:6      | Reached *** piety under Okawaru
  5984 | D:7      | Reached skill level 9 in Long Blades
  6353 | D:7      | Reached XP level 9. HP: 25/78 MP: 8/8
  7280 | D:8      | Noticed a two-headed ogre
  7298 | D:8      | Reached skill level 10 in Long Blades
  7304 | D:8      | Found a flagged portal.
  7415 | Bailey   | Entered a bailey
  7642 | Bailey   | Noticed an orc sorcerer
  7652 | Bailey   | Killed an orc sorcerer
  7652 | Bailey   | Reached **** piety under Okawaru
  7809 | Bailey   | Found an iron altar of Okawaru.
  7809 | Bailey   | Noticed a kobold demonologist
  7822 | Bailey   | Reached skill level 11 in Long Blades
  7823 | Bailey   | Killed a kobold demonologist
  7824 | Bailey   | Reached skill level 10 in Armour
  8037 | Bailey   | Acquired 647 gold pieces
  8258 | D:8      | Reached XP level 10. HP: 86/86 MP: 9/9
  8278 | D:8      | Killed a two-headed ogre
  8279 | D:8      | Reached skill level 1 in Invocations
  8434 | D:8      | Reached skill level 12 in Long Blades
  8519 | D:8      | Found a staircase to the Lair.
  8855 | D:9      | Reached ***** piety under Okawaru
  8875 | D:9      | Noticed a two-headed ogre
  8919 | D:9      | Killed a two-headed ogre
  8919 | D:9      | Identified the +8 hunting sling of the Unseen Realm
                  | {freeze, rElec rF+ rC-} (Okawaru gifted it to you on level
                  | 9 of the Dungeon)
  8919 | D:9      | Received a gift from Okawaru
  9045 | D:9      | Found a shadowy altar of Dithmenos.
  9045 | D:9      | Found a broken altar of Ashenzari.
  9046 | D:9      | Found a white marble altar of Elyvilon.
  9067 | D:9      | Found a snail-covered altar of Cheibriados.
  9396 | D:10     | Entered Level 10 of the Dungeon
  9544 | D:10     | Found a burning altar of Makhleb.
  9947 | D:10     | Found Gercheni's Distillery.
  9954 | D:10     | Found a staircase to the Orcish Mines.
  9956 | D:10     | Bought a potion of degeneration for 13 gold pieces
  9956 | D:10     | Bought a potion of heal wounds for 65 gold pieces
 10130 | D:10     | Reached XP level 11. HP: 97/97 MP: 10/10
 10142 | D:10     | Found an ornate altar of the Wu Jian Council.
 10235 | D:11     | Noticed Sonja
 10238 | D:11     | Killed Sonja
 10239 | D:11     | Noticed Harold
 10245 | D:11     | Killed Harold
 10256 | D:11     | Reached skill level 13 in Long Blades
 10283 | D:11     | Noticed a four-headed hydra
 10296 | D:11     | Killed a four-headed hydra
 10403 | D:11     | Noticed Nergalle
 10418 | D:11     | Killed Nergalle
 10418 | D:11     | Identified the +0 cloak of Peloso's Gallantry {Drain rF+
                  | rN+} (Okawaru gifted it to you on level 11 of the Dungeon)
 10418 | D:11     | Received a gift from Okawaru
 10419 | D:11     | Reached skill level 1 in Evocations
 10421 | D:11     | Reached skill level 1 in Polearms
 11094 | Lair:1   | Entered Level 1 of the Lair of Beasts
 11179 | Lair:1   | Reached skill level 10 in Fighting
 11353 | Lair:1   | Reached skill level 14 in Long Blades
 11709 | Lair:1   | Found a blossoming altar of Fedhas.
 11729 | Lair:1   | Noticed an oklob plant
 11746 | Lair:1   | Killed an oklob plant
 11747 | Lair:1   | Reached XP level 12. HP: 68/107 MP: 12/12
 12274 | Lair:2   | Noticed a seven-headed hydra
 12284 | Lair:2   | Killed a seven-headed hydra
 12893 | Lair:2   | Reached ****** piety under Okawaru
 12894 | Lair:2   | Reached skill level 10 in Shields
 12904 | Lair:2   | Reached skill level 1 in Stealth
 13007 | Lair:3   | Noticed a seven-headed hydra
 13102 | Lair:2   | Received a gift from Okawaru
 13117 | Lair:2   | Killed a seven-headed hydra
 13716 | Lair:3   | Found a hole to the Spider Nest.
 14147 | Orc:1    | Entered Level 1 of the Orcish Mines
 14468 | Orc:1    | Reached skill level 15 in Long Blades
 14706 | Orc:2    | Entered Level 2 of the Orcish Mines
 14878 | Orc:2    | Noticed an ogre mage
 14882 | Orc:2    | Paralysed by an ogre mage for 4 turns
 14896 | Orc:2    | Paralysed by an orc sorcerer for 4 turns
 14918 | Orc:2    | Paralysed by an orc sorcerer for 4 turns
 14924 | Orc:2    | Paralysed by an orc sorcerer for 2 turns
 15043 | Orc:1    | Killed an ogre mage
 15044 | Orc:1    | Reached XP level 13. HP: 100/117 MP: 11/13
 15104 | Orc:2    | Found a staircase to the Elven Halls.
 15586 | Orc:2    | Found an ancient bone altar of Kikubaaqudgha.
 15627 | Orc:2    | Found Wannaitz's Jewellery Shoppe.
 15668 | Orc:2    | Found Dumosuf's Antique Armour Emporium.
 15669 | Orc:2    | Found Duqiqoy's Distillery.
 15695 | Orc:2    | Found a radiant altar of Vehumet.
 15708 | Orc:2    | Found Onof's Distillery.
 15721 | Orc:2    | Paralysed by an orc sorcerer for 3 turns
 15897 | Orc:2    | Acquired 836 gold pieces
 15899 | Orc:2    | Acquired the amulet of Hospitality {Faith rElec Str+2}
 15906 | Orc:2    | Acquired 832 gold pieces
 15908 | Orc:2    | Acquired the +2 hood of the Assassin {Detection Stab+
                  | Stlth++}
 15908 | Orc:2    | Found the +2 hood of the Assassin {Detection Stab+ Stlth++}
 16088 | D:12     | Identified the +1 animal skin of Perfidy {Int+3 SInv}
                  | (Okawaru gifted it to you on level 12 of the Dungeon)
 16088 | D:12     | Received a gift from Okawaru
 16887 | D:13     | Noticed Rupert
 16888 | D:13     | Paralysed by Rupert for 3 turns
 16895 | D:13     | Noticed ciphuk's ghost (journeyman TrMo)
 16920 | D:13     | Killed Rupert
 16991 | D:13     | Found a transporter.
 17112 | D:13     | Reached skill level 16 in Long Blades
 17393 | D:13     | Found a transporter.
 17752 | D:14     | Found a frozen archway.
 17775 | IceCv    | Entered an ice cave
 17798 | IceCv    | Received a gift from Okawaru
 17895 | IceCv    | Noticed a white very ugly thing
 17912 | IceCv    | Killed a white very ugly thing
 17913 | IceCv    | Reached XP level 14. HP: 40/129 MP: 12/15
 18049 | IceCv    | Reached skill level 15 in Armour
 18058 | IceCv    | Identified the +6 leather armour of Light {-Tele Contam Fly
                  | MP+9}
 18107 | IceCv    | Lost intelligence.
 18123 | IceCv    | Mangled by a caustic shrike simulacrum

Illustrated notes

Levels and vault maps discovered:
D:1:      minmay_arrival_up_and_down, layout_basic, st_stairs_3,
          minmay_lizard_king
D:2:      layout_loops_cross
D:3:      layout_loops_cross, okawaru_metal_pillars_3, minivault_25
D:4:      layout_loops_ring, old_standard_altar
D:5:      layout_loops_ring, minmay_temple_entry_tees, hex_tiny
D:6:      layout_rooms, nemelex_spade_bored_becter, serial_glass,
          glass_columns_b, glass_columns_b, gammafunk_ghost_grave,
          minmay_misc_feat_cross
D:7:      layout_loops_ring, serial_bayou_ford_a, nicolae_elevator_lobby_plus
D:8:      layout_basic, lair_entry_dummy, enter_bailey_5,
          kennysheep_generic_room_14
D:9:      layout_rooms, slow_altar_1, gammafunk_temple_overflow_claw
D:10:     kennysheep_six_static_rooms, layout_long_grid, bloody_makhleb,
          nzn_wu_jian_council_hall, orc_0_dummy, serial_shops, shop
D:11:     layout_loops_cross, uniq_nergalle, uniq_sonja, uniq_harold
D:12:     layout_roguey
D:13:     minmay_octagon_keep, layout_basic, gammafunk_ghost_mausoleum,
          serial_bayou_lake_a, uniq_rupert
D:14:     layout_loops_ring, erik_vaults_1, minivault_24,
          portal_ice_cave_entry_pillars_2, uniq_snorg
Lair:1:   layout_gridlike, tgw_fedhas, infiniplex_staircase_pool_2
Lair:2:   layout_cave_pods
Lair:3:   layout_small_grid, hellmonk_spider_entry_not_the_bees,
          columned_hall_lemuel, chequers_serial_rivers_marsh, st_stairs_13,
          grunt_forest_large_clearings
Orc:1:    layout_caves
Orc:2:    kennysheep_orc_mage_school, layout_caves
IceCv:    ice_cave_statue_garden_chambered

Skill      XL: |  1  2  3  4  5  6  7  8  9 10 11 12 13 14 |
---------------+-------------------------------------------+-----
Fighting       | 4 5 6 7 9 10 11 13 | 13.3
Armour         | 4 5 6 8 10 11 12 14 15 | 15.0
Shields        | 4 5 6 8 9 12 14 | 14.4
Long Blades    | 3 4 6 7 9 11 12 14 15 16 | 16.2
Dodging        | 1 2 3 |  3.0
Invocations    | 1 2 |  2.9
Evocations     | 1 |  1.1
Polearms       | 2 |  2.2
Stealth        | 1 |  1.1

Action                   |  1- 3 |  4- 6 |  7- 9 | 10-12 | 13-15 || total
-------------------------+-------+-------+-------+-------+-------++-------
Melee: Long sword        |   109 |   112 |   220 |       |       ||   441
       Headbutt          |    14 |    20 |    58 |   104 |   104 ||   300
       Scimitar          |       |       |   116 |   513 |   361 ||   990
       Spear             |       |       |       |    27 |       ||    27
Invok: Heroism           |       |       |     5 |    15 |    13 ||    33
       Finesse           |       |       |       |       |     1 ||     1
Evoke: Wand              |       |     3 |       |     3 |       ||     6
  Use: Scroll            |       |     6 |     8 |     1 |     6 ||    21
       Potion            |       |       |       |     1 |     3 ||     4
Armor: Scale mail        |    31 |       |       |       |       ||    31
       Plate armour      |    38 |    68 |   201 |   442 |   239 ||   988
Dodge: Dodged            |    53 |    32 |    91 |   250 |   150 ||   576
Block: Buckler           |    23 |    20 |    53 |       |    16 ||   112
       Kite shield       |       |       |    71 |   482 |   263 ||   816
